 Dungeon Crawl Stone Soup version 0.20.0-8-g6b59dc7 (webtiles) character file.

451 RKaid the Cudgeler (level 7, -6/66 HPs)
             Began as a Gargoyle Gladiator on May 31, 2017.
             Was an Initiate of Okawaru.
             Mangled by a two-headed ogre
             ... wielding a +0 giant club
              (19 damage)
             ... on level 3 of the Dungeon.
             The game lasted 00:12:04 (3278 turns).

RKaid the Cudgeler (Gargoyle Gladiator)             Turns: 3278, Time: 00:12:05

Health: -6/66      AC: 15    Str: 22 (25) XL:     7   Next: 4%
Magic:  7/7        EV:  8    Int:  6 (8)  God:    Okawaru [......]
Gold:   193        SH:  0    Dex:  9 (11) Spells: 6/6 levels left

rFire    . . .     SeeInvis .   a - +0 flail
rCold    . . .     Gourm    .   (no shield)
rNeg     + . .     Faith    .   w - +2 chain mail {MR+}
rPois    ∞         Spirit   .   c - +0 helmet
rElec    +         Reflect  .   (no cloak)
rCorr    .         Harm     .   (no gloves)
MR       ++...                  (no boots)
Stlth    ..........             (no amulet)
Regen    0.3/turn               g - ring of protection from magic {MR+}
MPRegen  0.1/turn               (no ring)

@: berserking, very quick
A: negative energy resistance 1, electricity resistance, unbreathing,
petrification resistance, rot immunity, AC +4
a: Renounce Religion


You were on level 3 of the Dungeon.
You worshipped Okawaru.
Okawaru was noncommittal.
You were not hungry.

You visited 1 branch of the dungeon, and saw 3 of its levels.

You collected 193 gold pieces.

Inventory:

Hand Weapons
 a - a +0 flail (weapon)
Missiles
 d - 3 throwing nets (quivered) {=f}
 o - 44 sling bullets
Armour
 c - a +0 helmet (worn)
 w - a +2 chain mail of magic resistance (worn)
   (You took it off Ijyb on level 3 of the Dungeon)
Jewellery
 g - a ring of protection from magic (left hand) {MR+}
   (You found it on level 2 of the Dungeon)
Wands
 u - a wand of polymorph (18/24)
   (You took it off Ijyb on level 3 of the Dungeon)
Scrolls
 i - 3 scrolls of identify
 n - a scroll of recharging
Potions
 e - a potion of mutation {!q!q}
 h - a potion of heal wounds {unknown}
 j - a potion of flight {unknown}
 l - a potion of curing {unknown}
 q - a potion of degeneration {!q}
 r - a potion of haste {unknown}
Comestibles
 f - 2 bread rations
 k - a royal jelly
 p - 3 meat rations


   Skills:
 + Level 5.0 Fighting
 * Level 6.4 Maces & Flails
 - Level 1.7 Throwing
 - Level 2.4 Dodging


You had 6 spell levels left.
You didn't know any spells.

Dungeon Overview and Level Annotations

Branches:
Dungeon (3/15)

Altars:
Kikubaaqudgha
Nemelex Xobeh
Okawaru
Trog
Uskayaw


Innate Abilities, Weirdness & Mutations

You are resistant to torment.
Your stone body is resilient. (AC +4)
You are immune to poison.
You resist negative energy. (rN+)
You are resistant to electric shocks. (rElec)
You can survive without breathing.
You are immune to petrification.
You are immune to rotting.


Message History

Evoking this partially-identified wand wasted a few charges.
The necrophage hits you but does no damage.
You closely miss the necrophage. The necrophage closely misses you.
You thump the necrophage! The necrophage barely misses you.
You hit the necrophage.
The necrophage hits you. x2; You feel terrible.
The orc wizard points at you and mumbles some strange words.
The magic dart hits you!
The orc wizard points at you and mumbles some strange words.
You resist with almost no effort.
The orc wizard hits you but does no damage.
The orc wizard completely misses you. The orc wizard barely misses you.
The orc wizard hits you but does no damage.
The orc wizard gestures at you while chanting.
The magic dart hits you! The orc wizard closely misses you.
You miss the orc wizard. The orc wizard barely misses you.
The orc wizard casts a spell.
The orc wizard blinks!
The orc wizard hits you but does no damage.
The orc wizard gestures wildly while chanting.
The orc wizard blinks!
You hit the necrophage. The necrophage hits you.
You closely miss the necrophage.
The necrophage hits you but does no damage.
The orc wizard closely misses you.
You hit the orc wizard.
The orc wizard is no longer moving quickly.
The orc wizard barely misses you.
The necrophage hits you but does no damage.
You sock the orc wizard! The orc wizard hits you with a dagger.
The necrophage hits you but does no damage.
The orc wizard hits you but does no damage.
You closely miss the orc wizard. The necrophage closely misses you.
The orc wizard hits you but does no damage.
You hit the orc wizard.
The necrophage hits you but does no damage.
The orc wizard casts a spell.
The orc wizard seems to speed up.
The necrophage hits you but does no damage.
Your chain mail prevents you from hitting the orc wizard.
The orc wizard barely misses you.
The necrophage hits you but does no damage.
You hit the orc wizard.
You kill the orc wizard!
Okawaru accepts your kill.
Your Fighting skill increases to level 5!
You have reached level 7!
The necrophage hits you but does no damage.
Things that are here:
a dagger; a robe; an orc corpse The orc throws a tomahawk.
The tomahawk hits you but does no damage.
You see here a tomahawk.
The two-headed ogre hits you with a giant club!
The two-headed ogre hits you but does no damage.
Press: ? - help, v - describe, . - travel
Here: a two-headed ogre, wielding a giant club and a giant spiked club The floor.
Unknown command.
As you read the scroll of teleportation, it crumbles to dust.
You feel strangely unstable.
The two-headed ogre hits you but does no damage. x2
Your surroundings suddenly seem different.
You start resting.
Some of the chunks of flesh in your inventory have rotted away.
Eating one of 4 chunks of flesh.
You eat one of the 4 chunks of flesh.
This raw flesh tastes terrible.
Some of the chunks of flesh in your inventory have rotted away.
All of the chunks of flesh in your inventory have rotted away.
You see here a dagger.
The two-headed ogre hits you with a giant club!
The two-headed ogre hits you with a giant spiked club!
You see here a dagger.
Evoke which item? (* to show all) (? for menu, Esc to quit)
Aiming: Polymorph (will waste charges)
Press: ? - help, Shift-Dir - straight line, f - two-headed ogre
Aim: a two-headed ogre, wielding a giant club and a giant spiked club (chance to defeat MR: 28%)
The two-headed ogre easily resists.
Evoking this partially-identified wand wasted a few charges.
The two-headed ogre misses you.
The two-headed ogre hits you with a giant spiked club!
* * * LOW HITPOINT WARNING * * *
Okay, then.
There is a stone staircase leading up here.
It was a potion of degeneration.
There was something very wrong with that liquid.
You feel weakened.
You feel dopey.
You feel clumsy.
The two-headed ogre hits you with a giant club.
* * * LOW HITPOINT WARNING * * *
The two-headed ogre closely misses you.
Okay, then.
Okay, then.
It was a potion of berserk rage.
A red film seems to cover your vision as you go berserk!
You feel yourself moving faster!
You feel mighty!
Your chain mail prevents you from hitting the two-headed ogre.
The two-headed ogre barely misses you.
The two-headed ogre hits you with a giant spiked club!!
You die...

.........######.######.#
..###....#...##.# #.#
.##y##...###)##.# #)#
..###....# #.#..# #)#
........## #.#.## #.#
..._....# #[#.#######.#
).)...)## #.#...#.....#
##...### ###.###O#.#####
##### #...#..@#.#
#.#######.# #.........#
###########


You could see a two-headed ogre.

Vanquished Creatures
  The ghost of ArtsTyrian the Digger, an amateur OpEE (D:3)
  An orc wizard (D:3)
  Ijyb (D:3)
  Natasha (twice) (D:3 D:2)
  3 gnolls (D:3)
  3 adders
  An ooze (D:2)
  2 worms
  A dart slug (D:1)
  2 leopard geckos
  4 orcs (D:3)
  17 bats
  5 giant cockroaches
  6 goblins
  6 hobgoblins
  3 quokkas (D:2)
  5 ball pythons
  4 frilled lizards
  8 kobolds
  A quokka skeleton (D:3)
  4 rats (D:3)
80 creatures vanquished.

Notes
Turn   | Place    | Note
-------+----------+-------------------------------------------
     0 | D:1      | RKaid the Gargoyle Gladiator began the quest for the Orb.
     0 | D:1      | Reached XP level 1. HP: 12/12 MP: 1/1
   219 | D:1      | Reached XP level 2. HP: 18/18 MP: 2/2
   706 | D:1      | Reached XP level 3. HP: 21/22 MP: 3/3
   773 | D:1      | Reached skill level 3 in Fighting
  1063 | D:1      | Reached skill level 4 in Maces & Flails
  1312 | D:2      | Reached XP level 4. HP: 28/28 MP: 4/4
  1900 | D:3      | Found an iron altar of Okawaru.
  1925 | D:3      | Noticed Ijyb
  1968 | D:3      | Killed Ijyb
  1987 | D:3      | Noticed Natasha
  1991 | D:3      | Reached XP level 5. HP: 29/32 MP: 5/5
  1995 | D:3      | Reached skill level 5 in Maces & Flails
  2004 | D:3      | Killed Natasha
  2009 | D:3      | Noticed Natasha
  2056 | D:2      | HP: 6/33 [Natasha/magic dart (7)]
  2064 | D:2      | Killed Natasha
  2354 | D:3      | Reached skill level 4 in Fighting
  2443 | D:3      | Became a worshipper of Warmaster Okawaru
  2663 | D:3      | Noticed ArtsTyrian's ghost (amateur OpEE)
  2735 | D:3      | Killed ArtsTyrian's ghost
  2735 | D:3      | Reached skill level 6 in Maces & Flails
  2735 | D:3      | Reached XP level 6. HP: 40/40 MP: 6/6
  2820 | D:3      | Noticed a moth of wrath
  2823 | D:3      | Found a bloodstained altar of Trog.
  2937 | D:3      | Found a sparkling altar of Nemelex Xobeh.
  2939 | D:3      | Found a hide-covered altar of Uskayaw.
  2941 | D:3      | Found an ancient bone altar of Kikubaaqudgha.
  2992 | D:3      | Noticed a two-headed ogre
  3001 | D:3      | Noticed a necrophage
  3046 | D:3      | Reached skill level 5 in Fighting
  3046 | D:3      | Reached XP level 7. HP: 27/44 MP: 7/7
  3251 | D:3      | HP: 9/44 [two-headed ogre/giant club (14)]
  3276 | D:3      | HP: 9/44 [two-headed ogre/giant club (4)]
  3278 | D:3      | Mangled by a two-headed ogre

Skill      XL: |  1  2  3  4  5  6 |
---------------+-------------------+-----
Fighting       | 3 4 5 |  5.0
Maces & Flails | 4 6 |  6.4
Throwing       | |  1.7
Dodging        | |  2.4

Action                   |  1- 3 |  4- 6 |  7- 9 || total
-------------------------+-------+-------+-------++-------
Melee: Flail             |   121 |   203 |     1 ||   325
       Unarmed           |       |     4 |       ||     4
Throw: Throwing net      |       |     2 |       ||     2
Evoke: Wand              |       |     1 |     1 ||     2
  Use: Scroll            |       |     7 |     1 ||     8
       Potion            |       |     2 |     2 ||     4
 Stab: Confused          |       |     1 |       ||     1
  Eat: Chunk             |     1 |     6 |     1 ||     8
Armor: Leather armour    |    57 |    41 |       ||    98
       Chain mail        |       |   111 |     5 ||   116
       Skin              |       |    37 |       ||    37
Dodge: Dodged            |   120 |   155 |     3 ||   278

Table legend:
 A = Turns spent in this place as a percentage of turns spent in the entire game.
 B = Non-inter-level travel turns spent in this place as a percentage of non-inter-level travel turns spent in the entire game.
 C = Inter-level travel turns spent in this place as a percentage of turns spent in this place.
 D = Turns resting spent in this place as a percentage of non-inter-level travel turns spent in this place.
 E = Turns spent auto-exploring this place as a percentage of non-inter-level travel turns spent in this place.
 F = Non-inter-level travel turns spent in this place divided by the number of levels of this place that you've seen.
                   A       B       C       D       E      F
               +-------+-------+-------+-------+-------+----------------------
         Total | 100.0 | 100.0 |   0.3 |   1.9 |   7.9 | 384.7
       Dungeon | 100.0 | 100.0 |   0.3 |   1.9 |   7.9 | 384.7
               +-------+-------+-------+-------+-------+----------------------

Table legend:
 A = Kills in this place as a percentage of kills in entire the game.
 B = Kills by you in this place as a percentage of kills by you in the entire game.
 C = Kills by friends in this place as a percentage of kills by friends in the entire game.
 D = Other kills in this place as a percentage of other kills in the entire game.
 E = Experience gained in this place as a percentage of experience gained in the entire game.
 F = Experience gained in this place divided by the number of levels of this place that you have seen.
                   A       B       C       D       E      F
               +-------+-------+-------+-------+-------+----------------------
         Total | 100.0 | 100.0 |  -nan |  -nan | 100.0 | 215.0
       Dungeon | 100.0 | 100.0 |  -nan |  -nan | 100.0 | 215.0
               +-------+-------+-------+-------+-------+----------------------
